Map: Orbital Shipyard

Players

State

  • Race: Protoss Protoss
  • League: Grandmaster

MMA - Winner!

  • Race: Terran Terran
  • League: Diamond

VOD

Have the link to the VOD?

Description

Time

  • Played on: Dec. 28, 2015, 12:14 a.m.
  • Length: 14:16
Show
View Real Time Build Order
Export as new Build Order

State Protoss 

Build Orders: 1 Gate Expand 

Get SALT Encoding   

  12  0:02  Probe (Chrono Boost)  
  13  0:12  Probe (Chrono Boost)  
  14  0:18  Pylon  
  14  0:24  Probe (Chrono Boost)  
  15  0:36  Probe (Chrono Boost)  
  15  0:41  Gateway  
  16  0:46  Probe (Chrono Boost)  
  16  0:47  Assimilator  
  17  0:57  Probe (Chrono Boost)  
  18  1:08  Probe (Chrono Boost)  
  19  1:18  Nexus  
  19  1:21  Probe (Chrono Boost)  
  20  1:31  Cybernetics Core  
  20  1:35  Probe (Chrono Boost)  
  21  1:40  Assimilator  
  21  1:45  Probe (Chrono Boost)  
  22  1:49  Pylon  
  22  1:56  Probe (Chrono Boost)  
  23  2:09  Mothership Core (Chrono Boost), Adept  
  27  2:23  Warp Gate  
  27  2:27  Probe (Chrono Boost)  
  28  2:32  Probe (Chrono Boost)  
  28  2:36  Adept  
  31  2:38  Probe (Chrono Boost)  
  31  2:43  Probe (Chrono Boost)  
  31  2:44  Robotics Facility  
  33  2:48  Probe (Chrono Boost)  
  34  2:54  Probe (Chrono Boost)  
  35  2:59  Probe (Chrono Boost)  
  35  3:04  Probe (Chrono Boost)  
  37  3:06  Pylon  
  37  3:10  Probe (Chrono Boost), Pylon  
  38  3:15  Probe (Chrono Boost)  
  37  3:20  Probe (Chrono Boost)  
  37  3:25  Probe (Chrono Boost)  
  39  3:30  Gateway, Probe (Chrono Boost)  
  39  3:31  Gateway x2  
  40  3:35  Warp Prism (Chrono Boost)  
  40  3:37  Probe  
  43  3:42  Probe  
  44  3:48  Probe  
  44  3:50  Twilight Council  
  44  3:54  Probe  
  46  3:58  Pylon  
  46  4:02  Assimilator  
  46  4:07  Assimilator  
  46  4:10  Pylon  
  46  4:15  Probe  
  46  4:16  Observer (Chrono Boost)  
  47  4:17  Probe  
  49  4:27  Probe  
  49  4:28  Resonating Glaives (Chrono Boost)  
  49  4:29  Probe  
  51  4:32  Observer  
  51  4:36  Stalker x4  
  60  4:39  Probe  
  60  4:40  Pylon  
  60  4:41  Probe  
  62  5:02  Nexus  
  62  5:04  Pylon  
  62  5:06  Probe  
  63  5:07  Probe  
  64  5:15  Stalker x2  
  64  5:16  Stalker  
  70  5:23  Pylon  
  70  5:24  Probe, Pylon  
  71  5:33  Forge x2  
  71  5:45  Probe x2  
  71  5:48  Gateway  
  73  5:50  Gateway  
  73  5:56  Sentry, Adept x2  
  73  5:57  Adept  
  81  5:58  Protoss Ground Armor Level 1 (Chrono Boost), Blink (Chrono Boost)  
  81  6:01  Protoss Ground Weapons Level 1 (Chrono Boost)  
  81  6:03  Probe x2  
  83  6:15  Probe x2  
  85  6:23  Probe  
  85  6:25  Observer (Chrono Boost)  
  87  6:27  Probe x2  
  87  6:31  Adept x4  
  97  6:35  Probe  
  97  6:36  Assimilator  
  97  6:37  Assimilator  
  97  6:39  Probe x2  
  100  6:47  Probe, Pylon  
  100  6:48  Pylon  
  100  6:51  Probe x2  
  103  6:57  Stalker x3  
  109  7:02  Immortal (Chrono Boost)  
  109  7:05  Probe x2  
  115  7:15  Templar Archives  
  115  7:16  Gateway, Probe  
  115  7:19  Gateway  
  116  7:25  Gateway  
  116  7:27  Gateway  
  116  7:29  Pylon  
  116  7:30  Stalker x2  
  116  7:31  Pylon  
  116  7:36  Stalker  
  122  7:37  Stalker  
  122  7:40  Probe x2  
  125  7:47  Probe  
  126  7:52  Probe  
  126  7:53  Probe, Immortal  
  126  7:57  Psionic Storm  
  128  7:59  Probe  
  128  8:05  Probe x2  
  133  8:10  High Templar x2  
  133  8:11  Probe  
  138  8:17  Probe  
  135  8:22  High Templar x2  
  135  8:23  Stalker  
  135  8:26  Protoss Ground Armor Level 2 (Chrono Boost), Pylon  
  141  8:28  Pylon  
  141  8:31  Protoss Ground Weapons Level 2 (Chrono Boost)  
  141  8:40  Immortal  
  141  8:53  Adept x8  
  149  9:03  Probe  
  149  9:04  Probe, Pylon  
  149  9:05  Pylon  
  149  9:06  Pylon  
  149  9:07  Charge (Chrono Boost)  
  152  9:12  Dark Shrine  
  152  9:16  Assimilator  
  151  9:22  Warp Prism  
  151  9:24  Zealot x4, High Templar x2  
  155  9:25  Zealot  
  165  9:41  High Templar  
  167  9:46  High Templar  
  167  9:50  Zealot x2  
  167  9:51  Zealot x4  
  181  10:02  Nexus  
  181  10:03  Pylon  
  181  10:05  Pylon  
  181  10:06  Pylon  
  179  10:07  Archon  
  179  10:09  Probe  
  171  10:15  Zealot x2  
  171  10:16  Zealot x5  
  171  10:21  Zealot x3  
  151  10:41  Dark Templar x5  
  158  10:47  Pylon x4  
  158  10:51  Dark Templar  
  127  11:13  Cybernetics Core  
  127  11:14  Archon x2  
  123  11:24  Zealot x6  
  107  11:31  Archon  
  104  11:45  Protoss Ground Armor Level 3 (Chrono Boost)  
  104  11:47  Archon x2  
  104  11:58  Nexus  
  104  11:59  Dark Templar x2, Zealot x2, Assimilator  
  104  12:00  Zealot x2  
  116  12:18  Archon  
  116  12:21  Stalker x5  
  120  12:37  Assimilator  
  120  12:38  Assimilator  
  120  12:40  Templar Archives  
  120  12:47  Zealot x6  
  132  12:52  Zealot  
  132  12:53  Zealot  
  133  13:06  Photon Cannon  
  133  13:18  Zealot x2  
  103  13:37  High Templar x2  
  103  13:38  Zealot x5  
  95  13:53  High Templar x2  
  95  13:55  Probe  
  86  14:01  Zealot x5  
  94  14:14  Zealot x2  
Show
View Real Time Build Order
Export as new Build Order

MMA Terran - Winner!

Build Orders: MMM Bio 

Get SALT Encoding   

  12  0:01  SCV  
  13  0:13  SCV  
  14  0:18  Supply Depot  
  14  0:25  SCV  
  15  0:40  SCV  
  16  0:43  Barracks  
  16  0:47  Refinery  
  16  0:52  SCV  
  17  1:04  SCV  
  18  1:16  SCV  
  19  1:29  Orbital Command  
  19  1:30  Barracks Reactor  
  19  1:41  Command Center  
  19  1:51  Supply Depot  
  19  1:55  SCV  
  20  2:06  Marine x2  
  20  2:07  SCV  
  23  2:09  Factory  
  23  2:19  SCV  
  24  2:26  Marine x2  
  26  2:33  SCV  
  27  2:44  Marine x2  
  27  2:45  SCV  
  30  2:52  Factory Tech Lab  
  30  2:53  Orbital Command  
  30  2:57  SCV  
  31  3:01  Command Center  
  31  3:08  Marine x2  
  31  3:10  SCV  
  34  3:25  SCV  
  34  3:26  SCV, Marine x2  
  41  3:27  Cyclone  
  41  3:28  Supply Depot  
  41  3:36  Barracks  
  41  3:39  SCV  
  41  3:40  SCV  
  43  3:43  Refinery  
  43  3:45  Engineering Bay  
  43  3:52  SCV x2  
  45  3:57  Barracks  
  45  4:03  Marine  
  45  4:04  SCV x2, Marine  
  49  4:10  Siege Tank  
  49  4:16  SCV x2  
  54  4:18  Orbital Command  
  54  4:21  Marine x2  
  56  4:24  Barracks Tech Lab  
  56  4:27  Refinery  
  56  4:29  Supply Depot, SCV  
  56  4:30  SCV  
  58  4:35  Terran Infantry Weapons Level 1  
  58  4:39  Refinery  
  58  4:40  Marine  
  58  4:41  SCV  
  58  4:42  SCV, Marine  
  62  4:53  SCV  
  62  4:55  SCV  
  61  5:00  Marauder  
  61  5:01  Stimpack, Marauder  
  61  5:02  Marine x2  
  61  5:04  Factory Tech Lab  
  67  5:10  SCV x2  
  69  5:15  Missile Turret  
  69  5:17  Missile Turret  
  69  5:18  Orbital Command  
  69  5:19  Marine x2  
  71  5:21  Starport  
  71  5:22  Marauder  
  71  5:23  Marauder  
  75  5:28  Supply Depot x2  
  75  5:29  Supply Depot  
  75  5:34  Supply Depot  
  75  5:41  Liberator  
  75  5:49  Marauder  
  77  5:50  Marauder, Marine x2  
  77  5:54  Barracks  
  77  5:55  Factory Reactor  
  77  5:56  Barracks  
  81  6:00  SCV x2  
  81  6:01  SCV  
  87  6:07  Supply Depot  
  87  6:08  Supply Depot  
  87  6:12  Marine, Marauder x2  
  87  6:14  Marine  
  87  6:16  Combat Shields  
  93  6:21  SCV x2  
  93  6:25  Supply Depot  
  95  6:26  Supply Depot  
  95  6:32  Marine  
  96  6:33  Marauder x2, Marine  
  101  6:42  Bunker  
  101  6:44  Barracks Tech Lab  
  101  6:46  Barracks Reactor  
  101  6:50  Medivac x2  
  101  6:53  Terran Infantry Armor Level 1  
  105  6:55  Supply Depot x2  
  105  6:56  Supply Depot  
  105  6:59  Orbital Command  
  105  7:01  Marauder x2  
  109  7:02  Marauder  
  109  7:03  Marine x2  
  109  7:05  Concussive Shells  
  113  7:16  Missile Turret  
  113  7:20  Medivac x2  
  113  7:22  Factory Reactor, Marauder x2  
  121  7:23  Marauder  
  121  7:25  SCV  
  121  7:26  SCV  
  126  7:30  SCV  
  126  7:35  Supply Depot  
  126  7:36  Marine  
  127  7:37  Supply Depot, Marine  
  127  7:39  Marine  
  127  7:40  Marine  
  127  7:44  Marauder x2  
  134  7:45  Refinery  
  134  7:50  Medivac x2  
  138  7:58  SCV  
  138  7:59  SCV  
  138  8:01  Marauder, Marine x4  
  138  8:05  Marauder  
  148  8:12  Supply Depot x3  
  150  8:19  Marine x2  
  145  8:20  Marine x2, Marauder  
  145  8:22  Marauder  
  145  8:24  Medivac  
  145  8:25  Medivac  
  145  8:26  Marauder, Widow Mine  
  159  8:35  Armory  
  159  8:40  Engineering Bay  
  159  8:43  SCV  
  159  8:44  SCV  
  158  8:52  Marauder x2, Marine x4  
  158  8:55  Medivac  
  167  9:01  Medivac  
  167  9:02  Command Center  
  165  9:17  Barracks  
  165  9:18  Barracks  
  165  9:19  Barracks  
  165  9:20  Widow Mine  
  165  9:22  Widow Mine  
  169  9:25  Medivac  
  169  9:27  Missile Turret  
  171  9:31  Medivac  
  173  9:41  Marauder x3, Marine x4  
  182  9:53  Missile Turret  
  182  9:54  Widow Mine x2  
  186  10:01  Ghost Academy, Refinery  
  185  10:14  Marine x2  
  185  10:15  Marine x2  
  191  10:33  Barracks Tech Lab x2, Orbital Command  
  191  10:34  Barracks Reactor  
  191  10:35  Ghost x3  
  180  10:37  Marine x4  
  184  10:50  Terran Infantry Weapons Level 2  
  184  10:51  Terran Infantry Armor Level 2  
  184  10:53  Terran Ship Weapons Level 1  
  130  11:05  Marine x5, Marauder x2  
  130  11:09  Marauder  
  123  11:16  Marine x2  
  120  11:23  Marauder, Marine  
  113  11:30  Marine x3  
  113  11:31  Marauder  
  113  11:32  Orbital Command, Marauder  
  120  11:34  Marauder  
  122  11:42  Marine x2  
  122  11:43  Marine  
  122  11:45  Marauder  
  127  11:48  Marine x2  
  127  11:53  Marauder x2  
  131  11:55  Marauder  
  131  11:59  SCV x2  
  131  12:00  SCV x2  
  137  12:01  Marine x3  
  137  12:06  Marauder  
  143  12:12  Marine x2  
  143  12:14  Marauder  
  147  12:17  Ghost x2  
  147  12:18  Widow Mine x2  
  147  12:19  Medivac x2  
  147  12:20  SCV x3  
  161  12:23  SCV  
  161  12:27  Ghost  
  163  12:33  Marine x6  
  163  12:36  Marauder  
  171  12:40  Refinery  
  171  12:41  Missile Turret  
  171  12:46  Marauder x2  
  171  12:51  Marine x2, Widow Mine x2  
  175  12:56  Marauder, Marine x4  
  175  12:57  Marauder  
  189  13:07  Marine  
  189  13:08  Marauder  
  189  13:09  Marine  
  192  13:16  Marine x3  
  192  13:18  Marauder  
  192  13:19  Marauder  
  185  13:32  Marauder  
  185  13:33  Marauder  
  176  13:34  Marine x2  
  176  13:40  Marauder x2  
  173  13:52  Missile Turret  
  173  13:58  SCV x4  
Tags
 
Add a new tag
Caveats
  • Supply blocks, unpowered buildings, or Contaminate may cause inaccurate times.
  • Supply counts are checked every 10 seconds.